 Dungeon Crawl Stone Soup version 0.29.1-15-g9cfb28693d (webtiles) character file.

Game seed: 5440541878594068279

237 Cheops the Spear-Bearer (level 6, -2/43 (44) HPs)
             Began as a Merfolk Gladiator on Mar 25, 2023.
             Slain by a wight
             ... wielding a +3 long sword of freezing
              (4 damage)
             ... on level 4 of the Dungeon.
             The game lasted 00:06:54 (3271 turns).

Cheops the Spear-Bearer (Merfolk Gladiator)         Turns: 3271, Time: 00:06:55

HP:   -2/43 (44)    AC:  9    Str: 17    XL:     6   Next: 6%
MP:   6/6           EV:  8    Int:  7    God:
Gold: 153           SH:  0    Dex: 15    Spells: 5/5 levels left

rFire   . . .      SeeInvis .   a - +0 trident
rCold   . . .      Faith    .   (no shield)
rNeg    . . .      Spirit   .   g - +0 chain mail
rPois   .          Reflect  .   c - +0 helmet
rElec   .          Harm     .   (no cloak)
rCorr   .          Rampage  .   (no gloves)
Will    .....                   (no boots)
Stlth   ..........              (no amulet)
HPRegen 0.14/turn               (no ring)
MPRegen 0.10/turn               (no ring)

@: lightly drained
A: (nimble swimmer 2), mertail
a: no special abilities


You were on level 4 of the Dungeon.
You visited 1 branch of the dungeon, and saw 4 of its levels.

You collected 153 gold pieces.

Inventory:

Hand Weapons
 a - a +0 trident (weapon)
 k - the +8 dagger "Wedwayho" {protect, rElec}
   (You found it on level 3 of the Dungeon)

   It grants its wielder temporary protection when it strikes (+7 to AC).
   rElec:     It insulates you from electricity.
Missiles
 d - 3 throwing nets (quivered)
 e - a javelin
Armour
 b - a +0 leather armour
 c - a +0 helmet (worn)
 g - a +0 chain mail (worn)
Jewellery
 o - a ring of wizardry
Wands
 i - a wand of quicksilver (7)
Scrolls
 h - a scroll of blinking {unknown}
 m - a scroll of amnesia
 n - a scroll of poison
 p - a scroll of brand weapon
 q - 2 scrolls of teleportation
Potions
 f - a potion of flight
 j - 2 potions of attraction
 l - a potion of resistance {unknown}
 s - a potion of heal wounds


   Skills:
 - Level 2.2 Fighting
 + Level 8.6 Polearms
 - Level 2.0 Throwing
 - Level 4.0 Dodging


You had 5 spell levels left.
You didn't know any spells.
Your spell library contained the following spells:

 Spells                   Type           Power      Damage    Failure   Level
 Foxfire                  Conj/Fire      0%         2x1d4     100%        1
 Sandblast                Erth           0%         2d4       100%        1
 Summon Small Mammal      Summ           0%         N/A       100%        1
 Passwall                 Tmut/Erth      0%         N/A       100%        2
 Call Canine Familiar     Summ           0%         N/A       100%        3
 Conjure Flame            Conj/Fire      0%         6-21      100%        3
 Gell's Gravitas          Tloc           0%         N/A       100%        3
 Inner Flame              Hex/Fire       0%         N/A       100%        3
 Lesser Beckoning         Tloc           0%         N/A       100%        3
 Stone Arrow              Conj/Erth      0%         3d7       100%        3
 Summon Guardian Golem    Hex/Summ       0%         N/A       100%        3
 Teleport Other           Tloc           0%         N/A       100%        3
 Flame Wave               Conj/Fire      0%         2d4       100%        4


Dungeon Overview and Level Annotations

Branches:
Dungeon (4/15)
 Temple: D:4-7

Altars:

Annotations:
D:2 Sigmund


Innate Abilities, Weirdness & Mutations

((You are very nimble when in or above water. (Stealth+, EV+, Speed+++)))
Your lower body shifts to a powerful aquatic tail in water.


Message History

No target in view!
No target in view!
No target in view!
No target in view!
Found an escape hatch in the ceiling.
Found a stone staircase leading up.
Found a stone staircase leading down.
q - 2 scrolls of teleportation (gained 1)
You now have 153 gold pieces (gained 17).
Found a short sword.
l - a fizzy silvery potion A wight comes into view.
It is wielding a +3 long sword of freezing.
A wight is nearby!
A wight is nearby!
A wight is nearby!
There is a stone staircase leading up here.
You reach to attack!
You barely miss the wight. You hit the wight but do no damage.
Your punch misses the wight.
The wight hits you with a +3 long sword of freezing!
The wight freezes you.
You barely miss the wight. You punch the wight.
The wight is lightly damaged.
The wight hits you with a +3 long sword of freezing!
The wight freezes you.
You closely miss the wight.
The wight is lightly damaged.
You closely miss the wight.
The wight is lightly damaged.
The wight hits you with a +3 long sword of freezing!
* * * LOW HITPOINT WARNING * * *
The wight freezes you.
* * * LOW HITPOINT WARNING * * *
You hit the wight.
The wight is heavily damaged.
The wight hits you with a +3 long sword of freezing!
* * * LOW HITPOINT WARNING * * *
You feel drained.
* * * LOW HITPOINT WARNING * * *
The wight freezes you.
You die...

##........#................#..##
...####.##..............#....##
.### .............#.........#.
#.....................#.
###......#........#......
......>..##.......#####..
###..............####....
##...................#..#.
.##........@...........#..#.
...........z...........##...
.#..#..##.##.#.............
#.#..#....###............
#........#.............
#..........#........<#.
#....................#.
.z......##.).................
.............................


You could see a wight.

Vanquished Creatures
  A phantom (D:3)
  A hound (D:3)
  Ijyb (D:4)
  3 adders
  An ufetubus (D:4)
  2 worms
  2 dart slugs (D:3)
  An orc (D:2)
  9 bats
  8 endoplasms
  3 giant cockroaches
  6 goblins
  5 hobgoblins
  6 jackals
  5 ball pythons
  8 frilled lizards
  4 kobolds
  3 rats
69 creatures vanquished.

Notes
Turn   | Place    | Note
-------+----------+-------------------------------------------
     0 | D:1      | Cheops the Merfolk Gladiator began the quest for the Orb.
     0 | D:1      | Reached XP level 1. HP: 16/16 MP: 1/1
   106 | D:1      | Found a faded altar of an unknown god.
   391 | D:1      | Reached XP level 2. HP: 22/22 MP: 2/2
   686 | D:1      | Reached skill level 5 in Polearms
  1157 | D:2      | Reached XP level 3. HP: 27/27 MP: 3/3
  1278 | D:2      | Noticed Sigmund
  1547 | D:2      | Reached skill level 6 in Polearms
  1924 | D:2      | Reached XP level 4. HP: 30/33 MP: 4/4
  2097 | D:3      | Identified the +8 dagger "Wedwayho" {protect, rElec}
  2204 | D:3      | Noticed a phantom
  2239 | D:3      | Killed a phantom
  2240 | D:3      | Reached skill level 7 in Polearms
  2240 | D:3      | Reached XP level 5. HP: 17/38 MP: 5/5
  2466 | D:3      | Reached skill level 8 in Polearms
  2946 | D:4      | Noticed Ijyb
  2988 | D:4      | Killed Ijyb
  2989 | D:4      | Reached XP level 6. HP: 25/44 MP: 6/6
  3271 | D:4      | HP: 2/43 [wight/+3 long sword of freezing (3)]
  3271 | D:4      | Slain by a wight

Illustrated notes

Levels and vault maps discovered:
D:1:      lordsloth_arrival_two_stooges, layout_loops_corners,
          shapermc_ecumenical_altar_venn, dreamdust_wishing_well
D:2:      layout_basic, minmay_misc_feat_five, uniq_sigmund
D:3:      kennysheep_big_flooded_room, layout_rooms, skrybe_limestone_x
D:4:      layout_cave_pools, kennysheep_nub, uniq_ijyb

Skill      XL: |  1  2  3  4  5 |
---------------+----------------+-----
Polearms       | 5 6 7 8 |  8.6
Fighting       | |  2.2
Throwing       | |  2.0
Dodging        | |  4.0

Action                   |  1- 3 |  4- 6 || total
-------------------------+-------+-------++-------
Melee: Trident           |   112 |   168 ||   280
       Punch             |       |     1 ||     1
  Use: Scroll            |     1 |     7 ||     8
       Potion            |     1 |       ||     1
 Stab: Sleeping          |     1 |       ||     1
Armor: Leather armour    |    12 |       ||    12
       Chain mail        |    24 |    68 ||    92
Dodge: Dodged            |    45 |    56 ||   101
